 Dungeon Crawl Stone Soup version 0.25.0-10-g039870ee82 (webtiles) character file.

Game seed: 10218173310852720009

351 shadizar the Sneak (level 6, -5/43 HPs)
             Began as an Octopode Assassin on June 22, 2020.
             Slain by an ogre
             ... wielding a +0 giant club
              (18 damage)
             ... on level 4 of the Dungeon.
             The game lasted 00:10:46 (4088 turns).

shadizar the Sneak (Octopode Assassin)              Turns: 4088, Time: 00:10:47

Health: -5/43      AC:  3    Str: 13    XL:     6   Next: 61%
Magic:  0/6        EV: 14    Int: 13    God:
Gold:   180        SH:  0    Dex: 13    Spells: 5/5 levels left

rFire    . . .     SeeInvis .   a - +3 dagger
rCold    + . .     Gourm    .   (no shield)
rNeg     . . .     Faith    .   k - +2 hat
rPois    .         Spirit   +   e - amulet of guardian spirit
rElec    .         Reflect  .   t - ring of protection from cold
rCorr    .         Harm     .   (no ring)
MR       .....                  (no ring)
Stlth    ++++......             (no ring)
HPRegen  0.14/turn              (no ring)
MPRegen  0.10/turn              (no ring)
                                (no ring)
                                (no ring)

@: no status effects
A: almost no armour, stealthy swim, amphibious, 8 rings, constrict 8, camouflage
1, gelatinous body 1
a: no special abilities


You were on level 4 of the Dungeon.
You were not hungry.

You visited 1 branch of the dungeon, and saw 5 of its levels.

You collected 180 gold pieces.

Inventory:

Hand Weapons
 a - a +3 dagger (weapon)
Missiles
 b - 16 poisoned darts (quivered)
 c - 2 curare-tipped darts
Armour
 k - a +2 hat (worn)
Magical Staves
 u - an uncursed staff of wizardry {unknown}
Jewellery
 e - an amulet of guardian spirit (around mantle)
 t - a ring of protection from cold (left tentacle)
Scrolls
 g - 2 scrolls of remove curse
 m - 2 scrolls of blinking
 p - 2 scrolls of identify
Potions
 f - a potion of mutation {unknown}
 h - 2 potions of might
 i - a potion of lignification {unknown}
 l - 2 potions of brilliance
 o - 2 potions of cancellation
 r - 3 potions of curing
 s - a potion of flight {unknown}
Comestibles
 d - 8 rations
 j - 2 chunks of flesh


   Skills:
 + Level 3.7 Fighting
 + Level 3.7 Short Blades
 - Level 2.0 Throwing
 + Level 3.3 Dodging
 + Level 7.0 Stealth


You had 5 spell levels left.
You didn't know any spells.
Your spell library was empty.

Dungeon Overview and Level Annotations

Branches:
Dungeon (5/15)
 Temple: D:4-7

Altars:
Gozag
Ru
Sif Muna
Yredelemnul

Annotations:
D:2 1 runed translucent door, Crazy Yiuf
D:3 Sigmund
D:4 Blork the orc, Grinder


Innate Abilities, Weirdness & Mutations

You cannot wear most types of armour.
You are very stealthy in the water. (Stealth+)
You are amphibious.
You can wear up to eight rings at the same time.
You can use your tentacles to constrict eight enemies at once.
Your skin changes colour to match your surroundings (Stealth+).
Your rubbery body absorbs attacks. (AC +1, EV +1)


Message History

The ogre is moderately wounded.
You barely miss the ogre.
The ogre is moderately wounded.
The ogre barely misses you.
You hit the ogre.
The ogre is moderately wounded.
The ogre hits you with a +0 giant club.
You hit the ogre. You squeeze the ogre.
The ogre is heavily wounded.
Okay, then.
You hit the ogre. You squeeze the ogre.
The ogre is severely wounded.
The ogre hits you with a +0 giant club!
* * * LOW HITPOINT WARNING * * *
You hit the ogre. Your squeeze misses the ogre.
The ogre is almost dead.
You hit the ogre.
The ogre is almost dead.
The ogre hits you with a +0 giant club!!
You die...

##.#.#..#
##.'#...#'.##.#
#.#.##..#
#####.....####.#
.⌠.###..##
#..............#
#.###....#
#......⌠.......#
.###.#...#
#..............#
###.⌠.#..#
#####.....####.#
##.#.#...#
##..#...#..##.##
#.####.#.#
#O..#...#...#..#
.⌠.##....#
#@.##...##.<#..#
#.##.#.###
#####....####..#
.#...#.#
##.........#
...#.#>#
###########
####.#.#######
#.#.......###
#...........#
#.####.####.#
####.##.....##.#


You could see an ogre.

Vanquished Creatures
  2 orc priests
  An iguana (D:4)
  Terence (D:3)
  2 adders (D:3)
  9 gnolls (D:3)
  An ooze (D:1)
  An adder skeleton (D:4)
  5 worms
  A dart slug (D:1)
  2 leopard geckos
  9 orcs
  12 bats
  6 giant cockroaches
  11 goblins
  9 hobgoblins
  4 jackals
  3 quokkas
  2 ball pythons
  5 frilled lizards
  15 kobolds
  4 rats
105 creatures vanquished.

Notes
Turn   | Place    | Note
-------+----------+-------------------------------------------
     0 | D:1      | shadizar the Octopode Assassin began the quest for the Orb.
     0 | D:1      | Reached XP level 1. HP: 14/14 MP: 1/1
   232 | D:1      | Reached XP level 2. HP: 17/19 MP: 2/2
   620 | D:1      | Reached XP level 3. HP: 21/25 MP: 3/3
  1187 | D:2      | Reached XP level 4. HP: 30/30 MP: 4/4
  1223 | D:2      | Found a shimmering blue altar of Sif Muna.
  1392 | D:2      | Found a faded altar of an unknown god.
  1513 | D:2      | Found a runed translucent door.
  1514 | D:2      | Noticed Crazy Yiuf
  1532 | D:2      | Found an opulent altar of Gozag.
  1821 | D:3      | Reached skill level 6 in Stealth
  2176 | D:3      | Reached XP level 5. HP: 30/36 MP: 5/5
  2525 | D:3      | Noticed Sigmund
  2575 | D:3      | Found a sacrificial altar of Ru.
  2785 | D:4      | Noticed Blork the orc
  3229 | D:4      | Noticed Grinder
  3229 | D:4      | Noticed an ogre
  3327 | D:3      | Noticed Terence
  3389 | D:3      | Reached XP level 6. HP: 30/42 MP: 3/6
  3423 | D:3      | Killed Terence
  3682 | D:4      | Found a basalt altar of Yredelemnul.
  3742 | D:4      | Reached skill level 7 in Stealth
  4044 | D:5      | Entered Level 5 of the Dungeon
  4088 | D:4      | Slain by an ogre

Illustrated notes

Levels and vault maps discovered:
D:1:      tarquinn_simple_flora_water_a, layout_basic, interstate_on_off,
          columned_hall_lemuel
D:2:      layout_loops_cross, nicolae_gozag_cash_rules_everything_around_me,
          chequers_ecumenical_altar_grove, led_sif_pool, uniq_crazy_yiuf_cottage
D:3:      minmay_bubble_buster, layout_basic, nicolae_ru_sacrificial_ziggurat,
          minmay_stone_trees_medium, uniq_sigmund, uniq_terence
D:4:      layout_basic, old_standard_altar, first_ration, grunt_ministairs_6,
          grunt_decor_mini_mirrors, uniq_grinder, uniq_blork_the_orc
D:5:      layout_cave_pools, serial_shops, shop, nicolae_shop_trees

Skill      XL: |  1  2  3  4  5  6 |
---------------+-------------------+-----
Dodging        | 2 3 |  3.3
Stealth        | 6 7 |  7.0
Fighting       | 3 |  3.7
Short Blades   | 3 |  3.7
Throwing       | |  2.0

Action                   |  1- 3 |  4- 6 || total
-------------------------+-------+-------++-------
Melee: Dagger            |    76 |   148 ||   224
       Constrict         |    14 |    38 ||    52
       Tentacles         |     6 |    23 ||    29
Throw: Dart              |       |    25 ||    25
  Use: Scroll            |       |    12 ||    12
 Stab: Sleeping          |    16 |    13 ||    29
  Eat: Chunk             |     1 |     9 ||    10
Armor: Skin              |     9 |    10 ||    19
Dodge: Dodged            |    69 |    79 ||   148
